[Event "1st Chessable Sunway Formentera 2022"]
[Site "Formentera Punta Prima"]
[Date "2022.05.01"]
[Round "3"]
[White "Alinasab, Mobina"]
[Black "Lever, Erwan"]
[Result "1-0"]
[ECO "B41"]
[WhiteElo "2373"]
[BlackElo "2209"]
[Annotator "TA"]
[PlyCount "95"]
[EventDate "2022.05.05"]
[EventType "swiss"]
[EventCountry "ESP"]
[SourceTitle "playchess.com"]
[Source "ChessBase"]
[SourceQuality "1"]
[TimeControl "40/5400+30:1800+30"]

1. e4 c5 2. Nf3 e6 3. d4 cxd4 4. Nxd4 a6 5. c4 Nf6 6. Nc3 Bb4 7. Qd3 {[%emt 0:00:37] B41: Sicilian: Kan Variation: 5 c4.} O-O 8. Be2 d6 9. Nc2 {[%emt 0:03:11] The position is equal.} Bxc3+ 10. bxc3 Nbd7 11. f3 {[%emt 0:14:51] [#]} d5 $146 ({Predecessor:} 11... Nc5 12. Qe3 e5 13. Ba3 Qc7 14. O-O Be6 15. Bxc5 dxc5 16. Rfb1 Ne8 17. Qd2 Rd8 {1-0 (44) Das,S (2399)-Polyik,P (2279) Pardubice 2017}) 12. exd5 exd5 13. cxd5 Ne5 14. Qd4 Qxd5 15. Nb4 Qa5 16. O-O Rd8 17. Qf2 Be6 18. Be3 Re8 19. Bb6 Qa3 20. Bd4 $36 {[%emt 0:01:37][%mdl 2048] Black is under pressure.} Bf5 21. Rfd1 (21. Rfe1 $14) 21... a5 $11 22. Nd3 Nc6 (22... Bxd3 $11 23. Bxd3 Nxd3 24. Rxd3 Ra6) 23. Bc5 $14 Qa4 (23... Qxc3 24. Rac1 Nd5 25. Rxc3 $16) 24. Bf1 Rad8 25. Nb2 $1 Qf4 26. Nc4 $1 Rd5 ({Black should try} 26... Rxd1 $14 27. Rxd1 Be6) 27. Rxd5 Nxd5 28. Nd6 (28. Qb2 $16) 28... Re6 29. Nxf5 Qxf5 30. Bc4 {[%emt 0:01:04] Threatens to win with Rd1.} (30. c4 $5 Nc3 31. Be3 $11) 30... Rg6 31. Re1 h5 $1 {[%emt 0:00:16] Strongly threatening ...Nf4.} 32. Be3 (32. Bb3 $5 ) 32... Nxc3 33. Bd2 {[%emt 0:00:27] [#]} (33. Bb3 $11) 33... Ne5 $1 $15 34. Bf1 Nd5 (34... Nxf3+ $1 $17 35. Kh1 Ne4 36. Rxe4 Qxe4 37. gxf3 Rf6 $1) 35. Kh1 $11 {[%emt 0:00:16] Black must now prevent Qc5.} Nd3 {[%emt 0:00:29] Prevents Qc5.} (35... b6 $11 {and Black has nothing to worry.}) 36. Re8+ $18 {[%emt 0:00:19][%mdl 1024] White has strong compensation.} Kh7 37. Qd4 N3f4 38. Qe4 (38. g3 $1 $18 Nc7 39. Re5) 38... Qf6 (38... Qxe4 39. Rxe4 Rf6 40. Rd4 $18) (38... Rf6 $14) 39. g3 $2 (39. Re5) 39... Qa1 {[%emt 0:00:46] [#]} (39... Qb6 $142) 40. Qe1 $1 ({Stronger than} 40. Be1 {[#]} Nf6 $1 41. Qe5 Qd1 $17) 40... Qd4 (40... Qxa2 41. gxf4 (41. Bxf4 Nxf4 42. gxf4 Qd5 $18) 41... Qb3) 41. Re4 {[%emt 0:00:42] White is clearly winning.} ({Weaker is} 41. Bxf4 Nxf4 42. Re4 Nd3 $11) 41... Qb6 42. Bxf4 {[%emt 0:01:41][%cal Bd2f4,Bf4e3,Be3d4][%mdl 32] A strong pair of Bishops.} f5 {[%emt 0:00:02] [#]} 43. Be3 $1 Qb2 (43... Nxe3 44. Rxe3) 44. Bd4 Qa3 (44... Qb4 $142 45. a3 Qxe1 46. Rxe1 Rd6) 45. Re6 {[%emt 0:07:14] Hoping for Rxg6.} Nf4 46. Rxg6 Qxf3+ 47. Kg1 Nxg6 48. Qe2 {[%emt 0:01:09] Weighted Error Value: White=0.26 (precise) /Black=0.45} 1-0

[Event "1st Chessable Sunway Formentera 2022"]
[Site "Formentera Punta Prima"]
[Date "2022.05.01"]
[Round "3"]
[White "Papadiamandis, Elliot"]
[Black "Real, Thibault"]
[Result "1-0"]
[ECO "B30"]
[WhiteElo "2373"]
[BlackElo "2262"]
[Annotator "TA"]
[PlyCount "61"]
[EventDate "2022.05.05"]
[EventType "swiss"]
[EventCountry "ESP"]
[SourceTitle "playchess.com"]
[Source "ChessBase"]
[SourceQuality "1"]
[TimeControl "40/5400+30:1800+30"]

1. e4 c5 2. Nc3 g6 3. Nf3 Bg7 4. Bc4 Nc6 5. O-O e6 6. d4 Nxd4 {[%emt 0:01:07] B30: Sicilian: 2...Nc6 3 Bb5, lines without ...g6.} 7. Nxd4 cxd4 8. Nb5 Qb6 {[%emt 0:05:11] The position is equal.} 9. c3 $1 Ne7 10. Nxd4 O-O 11. Be3 Qc7 12. Bb3 a6 {[%emt 0:09:49] Prevents Nb5.} 13. Qd2 b5 {[%emt 0:13:20] [#]} 14. Bf4 $146 ({Predecessor:} 14. Bh6 Bxh6 15. Qxh6 f5 16. Rfe1 fxe4 17. Rxe4 Nf5 18. Nxf5 Rxf5 19. Rh4 Rf7 20. Re1 {½-½ (45) Matikozian,A (2458)-Yankovsky,R (2363) Los Angeles 2011}) 14... e5 15. Bg3 Bb7 16. Rfe1 Rad8 17. Qg5 d6 18. Nc2 Kh8 19. f4 (19. Rad1 $11) 19... f5 $17 20. fxe5 dxe5 (20... Bxe4 21. exd6 Qb6+ 22. Kh1 $16) 21. exf5 (21. Bh4 $17 Ng8 22. Bxg8 Kxg8 23. exf5) 21... Qc6 $2 22. Bxe5 $14 {[%emt 0:02:37] Dancing on a razor blade.} Bxe5 23. Rxe5 Nxf5 {[%emt 0:02:38] Strongly threatening ...h6.} 24. Re2 a5 25. Rae1 a4 ({Better is} 25... Qb6+ 26. Nd4 Nxd4 27. Qe5+ Qf6 28. Qxf6+ (28. cxd4 Qxe5 29. dxe5 Rfe8 $16) 28... Rxf6 29. cxd4 a4) 26. Be6 $16 Ng7 (26... Qd6 $16 27. Bxf5 Rxf5) 27. Nd4 $18 {[%emt 0:00:39] Active counter play!} Qb6 {[%emt 0:00:37] [#]} 28. a3 ({Resist} 28. Qxb5 $6 Qxb5 29. Nxb5 Nxe6 $16) 28... Nxe6 $2 (28... Qd6 29. Re5 (29. Qxb5 $2 Ba6 $19) 29... Bc6) 29. Rxe6 Qc7 30. Re7 Rd7 {[%emt 0:00:21] [#]} 31. Qh6 $1 {[%emt 0:01:19][%mdl 512] White used his chance.  Weighted Error Value: White=0.20 (precise) /Black=0.52} 1-0

[Event "1st Chessable Sunway Formentera 2022"]
[Site "Formentera Punta Prima"]
[Date "2022.05.01"]
[Round "3"]
[White "Tsatsalashvili, Keti"]
[Black "Kovacs, Klara"]
[Result "1-0"]
[ECO "E04"]
[WhiteElo "2331"]
[BlackElo "2108"]
[Annotator "TA"]
[PlyCount "99"]
[EventDate "2022.05.05"]
[EventType "swiss"]
[EventCountry "ESP"]
[SourceTitle "playchess.com"]
[Source "ChessBase"]
[SourceQuality "1"]
[TimeControl "40/5400+30:1800+30"]

1. d4 {[%emt 0:00:02] ChessBase II} Nf6 2. Nf3 d5 3. c4 e6 4. g3 dxc4 5. Bg2 Bb4+ 6. Bd2 c5 {[%emt 0:00:05] E04: Open Catalan: 5 Nf3.} 7. dxc5 Bxc5 8. Qa4+ Nbd7 {[%emt 0:00:26] The position is equal.} 9. Qxc4 b5 10. Qb3 Bb7 11. O-O a6 12. Bb4 O-O 13. Nc3 {[%emt 0:02:49] [#]} Nd5 $146 (13... Rc8 $5 ) ({Predecessor:} 13... Qe7 14. Bxc5 Nxc5 15. Qb4 a5 16. Qh4 b4 17. Nb1 Rfd8 18. Nbd2 e5 19. Nc4 e4 {0-1 (40) Primel,D (1953)-Migot,T (2360) Sautron 2017 EXT 2020 [ChessBase II]}) 14. Nxd5 Bxd5 15. Qa3 Qb6 16. Rac1 Bxb4 17. Qxb4 a5 18. Qe7 Ra7 19. b3 b4 (19... Nf6 $5 20. Qc5 Qb7 $15) 20. Qh4 Nf6 21. Qd4 Qb7 22. Ne1 ({Better is} 22. Rc2 $11) 22... a4 (22... Raa8 $15) 23. f3 axb3 24. axb3 e5 25. Qxe5 (25. Qc5 $11 {keeps the balance.}) 25... Re8 (25... Qb6+ $1 $17 26. e3 Ra3) 26. Qd4 $11 Rxe2 27. Rf2 (27. Rc2 $5 Ra2 28. Rxa2 Rxa2 29. Nd3 $11) 27... Raa2 28. Rxe2 Rxe2 29. Bf1 Ra2 30. Nd3 $40 {[%emt 0:01:35][%mdl 128] White is up to no good.} Ra8 $1 ({Don't take} 30... Rd2 31. Qe3 Ra2 32. Nxb4 $1 $16) 31. Qxb4 Qa7+ 32. Qc5 {[%emt 0:01:18] Hoping for Qxa7.} Qd7 {[%emt 0:00:08] [#]} (32... Qb7 $11) 33. b4 $1 $16 ({Much worse is} 33. Ne5 Qe6 34. Qd4 Bxb3 $11) 33... Re8 {[%emt 0:01:06] [#] Inhibits Ne5.} (33... h5 $16) 34. Nf4 $1 $18 Qb7 (34... Bxf3 $2 35. Bb5 Qd8 36. Bxe8 Nxe8 37. Rf1 $18) 35. Nxd5 Nxd5 $2 (35... Qxd5 36. Qxd5 Nxd5) 36. b5 $2 (36. Bb5 Rf8 37. Bc6 Qxb4 38. Bxd5) 36... g6 37. Bd3 {[%emt 0:01:51] And now Be4 would win.} Nf6 {[%emt 0:07:29] Prevents Be4.} 38. Qf2 Rd8 39. Bf1 Nd7 40. Rd1 {[%emt 0:00:00] Qd4 is the strong threat.} Re8 41. Rb1 Ne5 42. Be2 Qd5 43. b6 Rb8 (43... Qa2 $16 44. Rd1 Qb3) 44. f4 Nd7 45. Bf3 {[%emt 0:00:05] Against Qe4} Qf5 (45... Qd3 {was worth a try.} 46. Rd1 Qb5) 46. Rb2 Nc5 {Strongly threatening ...Nd3.} 47. Rb5 {[%emt 0:00:00] aiming for b7. White is clearly winning.} Nd3 (47... Qd3 $142) 48. Rxf5 {[%emt 0:00:00][%cal Of2d4] Threatening mate with Qd4!} Nxf2 49. Rb5 ({Worse is} 49. Kxf2 gxf5 50. b7 Kf8 $11) 49... Nd3 50. b7 {[%emt 0:00:00] Weighted Error Value: White=0.18 (very precise) /Black=0.33} 1-0

[Event "1st Chessable Sunway Formentera 2022"]
[Site "Formentera Punta Prima"]
[Date "2022.05.01"]
[Round "3"]
[White "Chkhaidze, Nikoloz"]
[Black "Perkampus, Laurin"]
[Result "1-0"]
[ECO "D20"]
[WhiteElo "2301"]
[BlackElo "2061"]
[Annotator "TA"]
[PlyCount "129"]
[EventDate "2022.05.05"]
[EventType "swiss"]
[EventCountry "ESP"]
[SourceTitle "playchess.com"]
[Source "ChessBase"]
[SourceQuality "1"]
[TimeControl "40/5400+30:1800+30"]

1. d4 d5 2. c4 dxc4 3. e3 e5 4. Bxc4 exd4 5. exd4 Bd6 6. Nf3 Nf6 7. Qe2+ {[%emt 0:00:31] D20: Queen's Gambit Accepted: 3 e3 and 3 e4.} Qe7 8. Qxe7+ Bxe7 (8... Kxe7 {looks sharper.} 9. O-O Nc6 10. Re1+ Kf8) 9. O-O {[%emt 0:00:00] White is slightly better.} O-O 10. Re1 Bd6 11. Nc3 a6 12. Bg5 Nbd7 $1 13. Ne5 b5 14. Nxd7 Bxd7 15. Bb3 {[%emt 0:00:15] [#]} Bf5 $146 ({Predecessor:} 15... Rfe8 16. Bxf6 gxf6 17. Ne4 Kg7 18. Nxd6 cxd6 19. f3 a5 20. Kf2 Rac8 21. Rac1 Rxe1 22. Rxe1 {½-½ (39) Tregubov,P (2575)-Michalik,P (2557) Chess.com INT 2017}) 16. Bxf6 gxf6 17. Nd5 Kg7 18. Rac1 Rfe8 19. Re3 (19. Ne3 $5 Be4 20. Bc2 $14) 19... Re6 (19... a5 $11) 20. Rxe6 {[%emt 0:00:00] White is more active.} ({White should play} 20. Rf3 $14 Rae8 21. Ne3) 20... Bxe6 $11 21. g3 Bxd5 22. Bxd5 {[%emt 0:00:00][%mdl 4096] Endgame KRB-KRB} Rd8 23. Bf3 a5 24. Rc6 Rb8 25. Ra6 a4 26. Kf1 Kf8 27. Bc6 b4 28. Bxa4 Kg7 29. Ke2 Rd8 30. Bc6 Bf8 31. d5 Rb8 32. Kd3 Bc5 33. f3 Bg1 $1 34. h3 Bh2 $1 35. g4 (35. d6 $5) 35... b3 {Black is now going downhill.} (35... Bd6 $14) 36. a4 $18 Be5 37. Kc4 Bxb2 38. Bb5 Be5 39. Kxb3 Kh6 (39... Bg3 $16 40. Kc4 h5) 40. h4 Bd6 $2 {[#]} (40... Kg7 41. Kc4 h5) 41. Rc6 $2 (41. Rxd6 $1 $18 cxd6 42. Kc4) 41... Kg7 {[#]} (41... f5 $16 42. Rc2 (42. gxf5 Kg7 $16) 42... fxg4) 42. Kc4 $1 {[%cal Oc6d6] Black must now prevent Rxd6!} Kf8 $2 {[#]} (42... f5 43. a5 (43. gxf5 Ra8 $16) 43... fxg4 44. fxg4 h5) 43. a5 $2 (43. Rxd6 $1 cxd6 44. a5) 43... Ke7 44. a6 Ra8 45. Kd4 Kd8 46. Rc2 Ke7 (46... f5 $142 47. g5 Ke7 48. Re2+ Kf8) 47. Ra2 Ra7 48. Bc6 Bg3 49. h5 {aiming for Ke4.} h6 (49... f5 $142 50. gxf5 Bd6) 50. Kc5 {Threatens to win with Re2+.} Bd6+ 51. Kb5 {Hoping for Re2+.} Be5 52. Kc5 Bd6+ $1 53. Kd4 $2 (53. Kc4 $18) 53... Be5+ $2 (53... Bg3 $11 54. Ke4 Kd6) 54. Ke4 Kf8 55. Kf5 (55. Bb7 $142 Ke7 56. Rc2) 55... Kg7 56. Bb7 {Strongly threatening Ra4.} Bd4 57. Rc2 {White mates.} Be5 58. Rc6 Bd6 59. f4 Kf8 {[#]} 60. Rxd6 $1 cxd6 61. Kxf6 Ke8 62. Kg7 Ke7 63. Kxh6 Kf6 64. g5+ Ke7 65. Kg7 {Weighted Error Value: White=0.48/Black=0.36} 1-0

[Event "1st Chessable Sunway Formentera 2022"]
[Site "Formentera Punta Prima"]
[Date "2022.05.01"]
[Round "3"]
[White "Mouhamad, Joachim"]
[Black "Buivys, Martynas"]
[Result "1-0"]
[ECO "B31"]
[WhiteElo "2290"]
[BlackElo "1806"]
[Annotator "TA"]
[PlyCount "57"]
[EventDate "2022.05.05"]
[EventType "swiss"]
[EventCountry "ESP"]
[SourceTitle "playchess.com"]
[Source "ChessBase"]
[SourceQuality "1"]
[TimeControl "40/5400+30:1800+30"]

1. e4 c5 2. Nf3 Nc6 3. Bb5 g6 4. O-O Bg7 5. c3 e5 6. d4 cxd4 7. cxd4 exd4 8. Bf4 a6 9. Qa4 {[%emt 0:17:16][%mdl 1024] White has compensation. B31: Sicilian: 2...Nc6 3 Bb5 g6.} Nge7 10. Bd6 b6 11. Bc4 {[%emt 0:21:53] [#] The position is equal.} O-O $146 (11... Bb7 $5 12. Ng5 O-O $11) ({Predecessor:} 11... Bb7 12. Ng5 O-O 13. Qb3 Qe8 14. Qg3 h6 15. Nf3 Na7 16. Nbd2 Nac8 17. Be5 d5 18. exd5 {1-0 (36) Kuybokarov,T (2549)-Daghli,A (2431) Mersin 2021}) 12. Qa3 h6 13. Nbd2 Bb7 14. Rac1 b5 15. Bd5 {[%emt 0:03:58] Threatens to win with Bxe7.} b4 16. Qa4 Re8 $2 {[%emt 0:02:50] [#]} (16... a5 $14) 17. Bxf7+ $1 $18 {[%emt 0:15:58][%mdl 576] Decoy} Kxf7 18. Qb3+ Kf8 $2 {[%emt 0:05:14] [#]} (18... Nd5) 19. Nh4 $2 (19. Ng5 $1 $18 hxg5 20. f4) 19... Bf6 $1 $14 (19... Ne5 $2 20. Bc7 Qc8 21. Bxe5 $18) 20. Nxg6+ Kg7 21. Nf4 $36 {[%emt 0:01:49][%mdl 2048] Nh5+ is the strong threat. White has good play. Really sharp!} Bg5 $2 {[%emt 0:03:59] [#]} (21... Rf8 $14) 22. Nh5+ $1 $18 Kg6 $2 {[%emt 0:00:02] [#]} (22... Kh8 23. Qf7 Rg8) 23. f4 $1 {[%emt 0:00:23] Threatening mate with f5+. White is clearly winning.} Rf8 24. fxg5 hxg5 25. Rxf8 Qxf8 {[%emt 0:00:01] [#]} 26. Rf1 $1 Qg8 (26... Kxh5 27. Rxf8) 27. Rf6+ Kh7 28. Rf7+ Kh6 29. Nf4 {[%emt 0:05:39] Weighted Error Value: White=0.31/Black=0.77} 1-0

[Event "1st Chessable Sunway Formentera 2022"]
[Site "Formentera Punta Prima"]
[Date "2022.05.01"]
[Round "3"]
[White "Dukic, Zachary"]
[Black "Eugene, Floryan"]
[Result "0-1"]
[ECO "C84"]
[WhiteElo "2243"]
[BlackElo "2370"]
[Annotator "TA"]
[PlyCount "130"]
[EventDate "2022.05.05"]
[EventType "swiss"]
[EventCountry "ESP"]
[SourceTitle "playchess.com"]
[Source "ChessBase"]
[SourceQuality "1"]
[TimeControl "40/5400+30:1800+30"]

1. e4 e5 2. Nf3 Nc6 3. Bb5 a6 4. Ba4 Nf6 5. O-O Be7 6. d3 b5 7. Bb3 d6 8. a3 {[%emt 0:00:06] C84: Closed Ruy Lopez: Unusual White 6th moves.} Na5 9. Ba2 c5 10. Nc3 {[%emt 0:00:00] The position is equal.} Be6 11. Bxe6 fxe6 12. b4 Nc6 13. Bd2 O-O {[%emt 0:00:00] [#]} 14. Ne2 $146 ({Predecessor:} 14. bxc5 d5 15. Bg5 Bxc5 16. Qb1 Nd4 17. Nd2 Rc8 18. exd5 exd5 19. Qa2 Ba7 20. Bxf6 gxf6 21. Qxd5+ {0-1 (44) Shyam,S (2530)-Ben Artzi,I (2399) Zalakaros 2016}) 14... d5 15. exd5 exd5 16. Ng3 Nd7 17. c3 Qc7 18. Be3 Rad8 19. Qb3 c4 20. dxc4 bxc4 21. Qc2 Bf6 (21... e4 $5 22. Nd4 (22. Nxe4 $2 dxe4 23. Qxe4 Nce5 $19) 22... Nxd4 23. Bxd4 Ne5 $15) 22. Rad1 e4 23. Nd4 (23. Nxe4 dxe4 24. Qxe4 Nde5 25. Rxd8 Qxd8 26. Nxe5 Nxe5 $17) (23. Ng5 $11) 23... Bxd4 24. Bxd4 Nde5 ({Black should try} 24... Nxd4 $17 25. Rxd4 Ne5) 25. Bc5 Rf7 26. Nxe4 dxe4 $17 27. Qxe4 Nd3 {[%emt 0:00:00] And now ...Nce5 would win.} 28. Qxc4 Nce5 {[%emt 0:02:29] 0x0.002ddf93d7dbdp-1022s more active pieces.} 29. Qe6 (29. Qe4 $15) 29... Qd7 ({Reject} 29... Nxc5 $6 30. Rxd8+ Qxd8 31. Qxe5 $15 (31. bxc5 Qe7 $15)) 30. Qxd7 Rfxd7 31. Bd4 Nf4 32. Rde1 {[%emt 0:00:00] [#] Inhibits Ne2+.} Nc4 33. Re4 Nd5 {[%emt 0:00:51] ...Nd2 is the strong threat. Pair of Knights!} 34. Ra1 Nd2 35. Re6 Nb3 36. Rae1 Nxd4 37. cxd4 Rd6 38. R6e5 Nc3 39. Ra5 Nb5 40. d5 Nc7 ({Inferior is} 40... Rxd5 41. Rxa6 Rd1 42. Kf1 $17) 41. g3 Rxd5 42. Rxd5 Rxd5 {[%emt 0:05:17][%mdl 4096] Endgame KRN-KR} 43. Rc1 Nb5 44. a4 Nd4 {[%emt 0:01:34] Threatens to win with ...Ne2+.} 45. Kg2 Rd8 46. h4 Kf8 47. Rc7 Rd6 48. h5 h6 49. Rb7 Ne6 50. Kf3 (50. a5 $1 $15) 50... Nd8 51. Rc7 (51. Rb8 $142) 51... Rd4 52. Ra7 Rd6 ({Better is} 52... Rxb4 $17 53. Rxa6 Ke7) 53. Ke4 (53. Rc7 $1 $11) 53... Rb6 $15 54. Kd5 Rxb4 55. Rxa6 Ke7 56. Ke5 (56. f4 $11 {is more appropriate.}) 56... Rb7 57. g4 Rc7 58. f3 Rc5+ 59. Ke4 Ne6 60. a5 Nc7 61. Ra7 Ke6 62. Kd4 Kd6 {[%emt 0:00:13] ( -> ...Nb5+)} 63. Rb7 (63. Kd3 $17) 63... Ne6+ $19 64. Ke4 $2 {[%emt 0:00:54] [#]} (64. Ke3 $19) 64... Re5+ 65. Kd3 Nc5+ {[%emt 0:00:30] Weighted Error Value: White=0.31/Black=0.12 (very precise)} 0-1

[Event "1st Chessable Sunway Formentera 2022"]
[Site "Formentera Punta Prima"]
[Date "2022.05.01"]
[Round "3"]
[White "Bernard, Jacques"]
[Black "Chiku-Ratte, Olivier-Kenta"]
[Result "1/2-1/2"]
[ECO "B44"]
[WhiteElo "2122"]
[BlackElo "2358"]
[Annotator "TA"]
[PlyCount "148"]
[EventDate "2022.05.05"]
[EventType "swiss"]
[EventCountry "ESP"]
[SourceTitle "playchess.com"]
[Source "ChessBase"]
[SourceQuality "1"]
[TimeControl "40/5400+30:1800+30"]

1. e4 c5 2. Nf3 e6 3. d4 cxd4 4. Nxd4 Nc6 5. Nb5 d6 6. c4 Nf6 7. N1c3 a6 8. Na3 Be7 9. Be2 O-O 10. O-O b6 11. Be3 Bb7 12. f4 {[%emt 0:12:33] [#]} Na5 $146 {[%emt 0:09:20] B44: Sicilian: Taimanov: 5 Nb5.} ({Predecessor:} 12... d5 13. exd5 exd5 14. Nxd5 Nxd5 15. cxd5 Nb4 16. d6 Bxd6 17. Nc4 Bc5 18. Bxc5 bxc5 19. a3 Nc6 20. Bf3 Rb8 21. Qxd8 Rfxd8 22. Bxc6 Bxc6 23. Rfd1 {½-½ (23) Nemeth,M (2487)-Krause,B (2455) Boeblingen 2017}) 13. b4 Nc6 14. Nc2 Rc8 {[%emt 0:13:34][%cal Od6d5] The position is equal.} 15. a3 Nb8 16. Qd3 b5 17. cxb5 Qc7 $1 18. Bd4 (18. bxa6 Bxa6 19. b5 Qxc3 $15) 18... e5 {[%emt 0:18:10] [#]} ({Black should try} 18... axb5 $14 19. Rac1 (19. Qxb5 $2 Ba6 $19) 19... Nbd7) 19. b6 $1 $16 Qd8 (19... Qd7 20. fxe5) 20. Be3 {[%emt 0:06:44] 0x0.002c8bc5e016dp-1022s more active pieces. The black rooks are badly placed.} (20. fxe5 $16 dxe5 21. Bxe5) 20... Nbd7 $11 21. Rad1 (21. Kh1 $11 {might be stronger.}) 21... Nxb6 $15 22. fxe5 dxe5 23. Qxd8 (23. Bg5 $1 $11) 23... Bxd8 (23... Rfxd8 $17 24. Rxd8+ Bxd8) 24. Bc5 $11 Re8 25. Ne3 {[%emt 0:00:40] And now Nf5 would win.} Be7 26. Bxb6 Rxc3 27. Nf5 Bf8 ({Of course not} 27... Bxe4 28. Nxe7+ Rxe7 29. Rd8+ Re8 30. Rfd1 $14) 28. Nh6+ gxh6 29. Rxf6 Bxe4 30. Bxa6 Rxa3 31. Bc4 Bg6 {[%emt 0:00:40] Strongly threatening ...Rc8.} 32. Rd7 (32. b5 $11) 32... Ra1+ (32... Kg7 $5 33. Rf1 Bxb4 34. Bxf7 Re7 35. Rxe7 Bxe7 $17) 33. Kf2 Kg7 $36 {[%emt 0:01:04][%mdl 2048] Black is pushing.} ({Don't do} 33... Bxb4 34. Rfxf7 Bxf7 35. Bxf7+ Kf8 36. Bxe8 Kxe8 37. Rxh7 $14) 34. Rf3 Re7 35. Rd8 (35. Bc7 $11 Rxd7 36. Bxe5+ Kg8 37. Bxa1) 35... Rb7 $1 $19 36. Bc5 Bxc5+ 37. bxc5 Rc7 (37... Rc1 $19 38. Be2 Rb2) 38. Bd5 $17 Rd1 39. Rc3 Kf6 (39... Rd2+ $17 40. Ke3 Rd4) 40. Rd6+ $15 Ke7 41. Bxf7 $1 {[%emt 0:01:51] [#]} Rxc5 $1 42. Rxd1 Rxc3 {[%emt 0:00:20][%mdl 4096] Endgame KRB-KRB} 43. Bd5 Kf6 44. Rd2 {[%emt 0:06:31] [#]} ({White should play} 44. Re1 $15) 44... e4 $1 $17 {[%emt 0:01:10] White must now prevent ...e3+.} 45. Rb2 Ke5 46. Bb7 Bf7 47. Re2 {[%emt 0:06:33] [#]} Rc4 $1 48. Rd2 Be6 {[%emt 0:01:50] Against Rd7} 49. Rb2 Rc3 ({Better is} 49... h5 $17 50. Rd2 Rb4) 50. Re2 $11 Bf5 51. Rb2 (51. Ra2 $1 $11 {remains equal.}) 51... h5 (51... Bg6 $17 52. Ba6 h5 53. Rb5+ Kd6 54. Rb6+ Ke5 55. Rb5+ Kd4 56. Rb4+ Ke5 57. Rb5+) 52. Rb5+ Kf6 {[%emt 0:01:53] ...e3+ is the strong threat.} 53. Rb6+ $1 Kg5 54. Rb5 Kg6 55. Rb6+ Kg7 56. Rb4 e3+ 57. Ke2 Be6 {[%emt 0:00:17] Hoping for ...Bc4+.} 58. Bf3 Bc4+ {[%emt 0:00:17] Black converts the advantage convincingly.} 59. Rxc4 Rxc4 $19 60. Kxe3 $17 {[%emt 0:00:01] KR-KB} h4 61. h3 Kf6 62. Kf2 Ke5 63. Kg1 {[%emt 0:00:42] Black is clearly better.} Rc3 64. Kh2 Kf4 65. Bb7 Rb3 66. Bc6 Rb6 67. Bf3 Ke3 68. Bd5 Rd6 69. Bf3 Kf2 70. Be4 h6 71. Bf3 Kf1 72. Be4 Re6 73. Bf3 Kf2 74. Bd5 Rf6 {[%emt 0:00:41] Weighted Error Value: White=0.26 (precise) /Black=0.20 (precise)} 1/2-1/2

[Event "1st Chessable Sunway Formentera 2022"]
[Site "Formentera Punta Prima"]
[Date "2022.05.01"]
[Round "3"]
[White "Ribeiro, Jose"]
[Black "Bergez, Luc"]
[Result "0-1"]
[ECO "A45"]
[WhiteElo "2076"]
[BlackElo "2331"]
[Annotator "TA"]
[PlyCount "68"]
[EventDate "2022.05.05"]
[EventType "swiss"]
[EventCountry "ESP"]
[SourceTitle "playchess.com"]
[Source "ChessBase"]
[SourceQuality "1"]
[TimeControl "40/5400+30:1800+30"]

1. d4 Nf6 2. Bg5 c5 3. d5 Qb6 4. Nc3 Qxb2 5. Bd2 Qb6 6. e4 {[%emt 0:00:44] [#] Hoping for e5. A45: Trompowsky Attack.} d6 7. h3 g6 8. Nf3 {[%emt 0:00:09] Black is slightly better.} Bg7 {[%emt 0:01:31] [#]} 9. Rb1 $146 ({Predecessor:} 9. Bc4 O-O 10. O-O Qd8 11. Rb1 b6 12. Qe2 e5 13. dxe6 Bxe6 14. Rbd1 Nc6 15. Bg5 {½-½ (51) Levitina,I (2400)-Bojkovic,N (2330) Belgrade 1992}) 9... Qd8 10. Bb5+ Nbd7 11. a4 ({Don't play} 11. e5 dxe5 12. Nxe5 O-O 13. Nxd7 Nxd7 $17) 11... O-O 12. Qe2 Ne5 13. Nxe5 dxe5 14. Qe3 b6 15. O-O Ne8 16. Bxe8 Rxe8 17. Rfd1 e6 18. a5 Bb7 19. Be1 {[%emt 0:07:52] Strongly threatening axb6.} exd5 20. Nxd5 Bxd5 21. c4 {[%emt 0:01:14][%mdl 64] [#] Pin} Qc7 22. Rxd5 Red8 23. Rb5 Bf8 24. Qb3 Rxd5 25. exd5 e4 26. Qb2 Qf4 27. Bd2 {[%emt 0:00:48] Inhibits e3.} ({But not} 27. axb6 axb6 28. Rxb6 e3 $15) (27. Qa2 $11 {remains equal.}) 27... e3 $1 $17 28. Bxe3 Qxc4 29. axb6 axb6 30. Rxb6 Qxd5 31. Bf4 {[%emt 0:06:47] Prevents Bd6.} g5 (31... Rc8 $17 32. Rb8 Rxb8 33. Qxb8 c4) 32. Be5 (32. Qd2 $1 $15 Qxd2 33. Bxd2) 32... Re8 33. Bc3 (33. f4 $17) 33... Qd1+ $19 34. Kh2 Re2 {[%emt 0:00:19] Against Qd2.  Weighted Error Value: White=0.27 (precise) /Black=0.07 (flawless)} 0-1